Red Wings vs Golden Knights

Created - 28 avril 2024 at 10:00

Goals
1 2 3 OT1 SO T
Red Wings 0 0 1 0 2 2
Golden Knights 0 0 1 0 1 1
Shots
1 2 3 OT1 SO T
Red Wings 11 6 6 1 6 24
Golden Knights 11 14 12 4 6 41

GoalsPenalties
1st period
No Goal
Matthew Boldy (VGK) for Boarding (Minor) at 14:09
2nd period
No Goal
Joel Kiviranta (VGK) for Delaying the game (Minor) at 1:29
Tim Gettinger (VGK) for Fighting (Major) at 14:20
Radko Gudas (DET) for Fighting (Major) at 14:20
3rd period
1. Golden Knights , Evgeni Malkin 35 (Nick Leddy 27, Brock Boeser 44) at 0:25
2. Red Wings , David Pastrnak 33 (Mark Scheifele 42) at 2:51
Jujhar Khaira (DET) for Slashing (Minor) at 12:21
Overtime #1
No Goal
Shootout
Red Wings, Oliver Bjorkstrand - Stopped by Connor Hellebuyck
Golden Knights, Evgeni Malkin - Goal!
Red Wings, David Pastrnak - Shot Misses the Net
Golden Knights, Brock Boeser - Stopped by Marc-Andre Fleury
Red Wings, Kyle Okposo - Goal!
Golden Knights, Matthew Boldy - Stopped by Marc-Andre Fleury
Red Wings, Lars Eller - Stopped by Connor Hellebuyck
Golden Knights, Tyler Johnson - Stopped by Marc-Andre Fleury
Red Wings, Kailer Yamamoto - Stopped by Connor Hellebuyck
Golden Knights, Blake Coleman - Stopped by Marc-Andre Fleury
Red Wings, Brett Pesce - Goal!
Golden Knights, Nick Leddy - Stopped by Marc-Andre Fleury
Goalie Stats
Marc-Andre Fleury (DET), 40 saves from 41 shots - (0,976), W, 29-17-2, 65:00 minutes
Connor Hellebuyck (VGK), 23 saves from 24 shots - (0,958), OTL, 33-16-6, 65:00 minutes
3 StarsOfficial
1 - Marc-Andre Fleury (DET)
2 - Connor Hellebuyck (VGK)
3 - David Pastrnak (DET)
Referees : Justin Kea and Chris Schlenker
Linesman : Derek Amell and Stephen Drain
Game Note
Radko Gudas beats up Tim Gettinger at 14:20 of 2nd period
Finance
Level 1 -- Attendance: 6000 (100,00%) -- Ticket Income $450,000
Level 2 -- Attendance: 4856 (97,12%) -- Ticket Income $315,640
Level 3 -- Attendance: 1494 (74,70%) -- Ticket Income $67,230
Level 4 -- Attendance: 2229 (55,73%) -- Ticket Income $78,015
Luxury Box -- Attendance: 1000 (100,00%) -- Ticket Income $125,000
Game was played at the T-Mobile arena.
Total Attendance: 15579 (86,55%)
Total Ticket Income: $1,035,885
Other Income: $507,584
Total Income: $1,543,469



Team Name Goals Shots Shots Attemp Shots Blocked PIM HIT PP PK FO%
Red Wings 22446107250 / 2 (0%)048%
Golden Knights 1417469240 / 1 (0%)052%

Red Wings
Player Name POS G A P +/- PIM HIT SHT SB MP PP MP PP SHT PK MP PK SHT FO% FOT GA TA
Brett PesceD0001021025:131:2000:0000% 000
Connor BrownLW/RW0000011011:270:0001:1600% 000
David PastrnakLW/RW1010017022:062:0400:0000% 211
Dylan DeMeloD0000000221:581:4901:0000% 001
Jeff PetryD000-1010117:582:0900:5900% 002
John TavaresC/LW0000044018:351:4600:00074% 1910
Jujhar KhairaC/LW/RW000024019:490:0000:0000% 000
Justin HollRW/D0001021124:342:0900:5900% 002
Juuso ValimakiD000-1010117:370:2900:0000% 001
Kailer YamamotoC/LW/RW0000001012:590:2800:4300% 200
Kyle OkposoLW/RW0000003015:490:0000:0000% 101
Lars EllerC/LW/RW0000030014:211:5400:4300% 001
Mark ScheifeleC/RW0110016120:552:0400:00055% 2031
Michael CarconeC/LW/RW000000009:450:0000:00067% 300
Noel AcciariC/LW/RW0000010112:410:0001:16033% 601
Oliver BjorkstrandLW/RW0000000017:471:4400:0000% 100
Radko GudasD0000540217:390:0001:0000% 001
Viktor ArvidssonLW/RW0000000021:461:5400:00013% 810
Golden Knights
Player Name POS G A P +/- PIM HIT SHT SB MP PP MP PP SHT PK MP PK SHT FO% FOT GA TA
Adam BoqvistD0000012014:550:4000:0000% 001
Blake ColemanC/LW/RW0000002017:510:5000:000100% 311
Brock BoeserRW0110013120:311:0900:00067% 310
Derek StepanC/LW/RW0000011010:570:0000:0000% 100
Evgeni MalkinC/LW/RW1010026021:231:0900:35061% 2320
Gustav LindstromD000001005:150:0000:0000% 000
Jacob BrysonD0000011110:470:0000:0000% 000
Jake EvansC/RW0000010011:350:0002:04025% 400
Jaycob MegnaD0000013120:070:0001:3600% 011
Joel KivirantaLW/RW000023109:360:0000:0000% 000
Johnathan KovacevicD0000010024:270:4001:3600% 001
Matthew BoldyLW/RW0000219021:101:0910:44050% 200
Nic DowdC0000012020:270:5002:04043% 2321
Nick LeddyD0110002123:551:1902:2200% 010
Ondrej PalatLW/RW0000033017:160:5000:00050% 200
Phil KesselRW0000002012:330:0000:5300% 130
Ryan PulockD0000022225:341:1912:2200% 001
Tim GettingerLW000054008:180:0000:0000% 000
Tyler JohnsonC/LW/RW0000002014:220:0001:3600% 010

Red Wings

5 vs 5 Forward
Line #Left WingCenterRight WingPHYDFOFWanted %Time %Time Play
1David PastrnakMark ScheifeleViktor Arvidsson0323433%17:50
2Oliver BjorkstrandJohn TavaresKyle Okposo0233228%15:20
3Kailer YamamotoNoel AcciariLars Eller1222421%11:08
4Connor BrownMichael CarconeJujhar Khaira1221018%9:45
5 vs 5 Defense
Line #DefenseDefensePHYDFOFWanted %Time %Time Play
1Justin HollBrett Pesce0323634%18:33
2Dylan DeMeloRadko Gudas0323640%21:53
3Jeff PetryJuuso Valimaki0412824%13:06
4Jeff PetryDylan DeMelo12201%0:31
Power Play Forward
Line #Left WingCenterRight WingPHYDFOFWanted %Time %Time Play
1David PastrnakJohn TavaresMark Scheifele0056052%2:04
2Oliver BjorkstrandLars EllerViktor Arvidsson0054048%1:54
Power Play Defense
Line #DefenseDefensePHYDFOFWanted %Time %Time Play
1Justin HollJeff Petry0145054%2:09
2Dylan DeMeloBrett Pesce0145046%1:49
Penalty Kill 4 Players Forward
Line #CenterWingPHYDFOFWanted %Time %Time Play
1Noel AcciariConnor Brown0505064%1:16
2Lars EllerKailer Yamamoto0505036%0:43
Penalty Kill 4 Players Defense
Line #DefenseDefensePHYDFOFWanted %Time %Time Play
1Dylan DeMeloRadko Gudas1405050%1:00
2Justin HollJeff Petry1405050%0:59
Penalty Kill 3 Players
Line #WingPHYDFOFWanted %Time %Time PlayDefenseDefensePHYDFOFWanted %Time %Time Play
1Lars Eller050500%0:00 Jeff PetryRadko Gudas140500%0:00
2Noel Acciari050500%0:00 Brett PesceJustin Holl140500%0:00
4 vs 4 Forward
Line #CenterWingPHYDFOFWanted %Time %Time Play
1Mark ScheifeleDavid Pastrnak014500%0:00
2John TavaresOliver Bjorkstrand023500%0:00
4 vs 4 Defense
Line #DefensePHYDFOFWanted %Time %Time Play
1Justin HollJeff Petry032500%0:00
2Radko GudasDylan DeMelo032500%0:00
Last Minutes Offensive
Left WingCenterRight WingDefenseDefense
David PastrnakJohn TavaresMark ScheifeleJeff PetryBrett Pesce
Last Minutes Defensive
Left WingCenterRight WingDefenseDefense
Lars EllerMark ScheifeleConnor BrownJeff PetryBrett Pesce
Time
Total ForwardTotal DefenseLast Minutes OffensiveLast Minutes Defensive
60:00 60:00 0:000:00
Extra Forwards
Normal PowerPlayPenalty Kill
Kailer Yamamoto, Oliver Bjorkstrand, Viktor ArvidssonLars Eller, Kailer YamamotoConnor Brown
Extra Defensemen
Normal PowerPlayPenalty Kill
Juuso Valimaki, Justin Holl, Radko GudasJuuso Valimaki, Juuso ValimakiRadko Gudas
Penalty Shots
Oliver Bjorkstrand, David Pastrnak, Kyle Okposo, Lars Eller, Kailer Yamamoto
Goalie
Marc-Andre Fleury, Carter Hart
Custom OT Lines Forwards
David Pastrnak, Viktor Arvidsson, Mark Scheifele, John Tavares, Lars Eller, Oliver Bjorkstrand, Kyle Okposo, Noel Acciari, Kailer Yamamoto, Connor Brown
Custom OT Lines Defensemen
Brett Pesce, Justin Holl, Radko Gudas, Jeff Petry, Dylan DeMelo
Scratches
Scott Harrington (Healthy)

Golden Knights

5 vs 5 Forward
Line #Left WingCenterRight WingPHYDFOFWanted %Time %Time Play
1Matthew BoldyEvgeni MalkinBrock Boeser0233633%17:41
2Blake ColemanNic DowdOndrej Palat0233430%16:17
3Tyler JohnsonDerek StepanPhil Kessel0321720%10:57
4Tim GettingerJake EvansJoel Kiviranta0321317%9:08
5 vs 5 Defense
Line #DefenseDefensePHYDFOFWanted %Time %Time Play
1Nick LeddyRyan Pulock0233738%20:44
2Jaycob MegnaJohnathan Kovacevic0233333%17:47
3Adam BoqvistJacob Bryson0321719%10:31
4Gustav LindstromJohnathan Kovacevic032139%5:01
Power Play Forward
Line #Left WingCenterRight WingPHYDFOFWanted %Time %Time Play
1Matthew BoldyEvgeni MalkinBrock Boeser0235558%1:09
2Blake ColemanNic DowdOndrej Palat0234542%0:50
Power Play Defense
Line #DefenseDefensePHYDFOFWanted %Time %Time Play
1Nick LeddyRyan Pulock0235566%1:19
2Adam BoqvistJohnathan Kovacevic0234534%0:40
Penalty Kill 4 Players Forward
Line #CenterWingPHYDFOFWanted %Time %Time Play
1Jake EvansNic Dowd0325660%2:22
2Matthew BoldyTyler Johnson0324440%1:36
Penalty Kill 4 Players Defense
Line #DefenseDefensePHYDFOFWanted %Time %Time Play
1Nick LeddyRyan Pulock0325560%2:22
2Jaycob MegnaJohnathan Kovacevic0324540%1:36
Penalty Kill 3 Players
Line #WingPHYDFOFWanted %Time %Time PlayDefenseDefensePHYDFOFWanted %Time %Time Play
1Jake Evans122550%0:00 Gustav LindstromNick Leddy122550%0:00
2Nic Dowd122450%0:00 Jaycob MegnaRyan Pulock122450%0:00
4 vs 4 Forward
Line #CenterWingPHYDFOFWanted %Time %Time Play
1Evgeni MalkinBrock Boeser022550%0:00
2Matthew BoldyTyler Johnson122450%0:00
4 vs 4 Defense
Line #DefensePHYDFOFWanted %Time %Time Play
1Nick LeddyRyan Pulock023550%0:00
2Adam BoqvistJohnathan Kovacevic032450%0:00
Last Minutes Offensive
Left WingCenterRight WingDefenseDefense
Matthew BoldyEvgeni MalkinBrock BoeserAdam BoqvistRyan Pulock
Last Minutes Defensive
Left WingCenterRight WingDefenseDefense
Matthew BoldyEvgeni MalkinJake EvansJohnathan KovacevicJaycob Megna
Time
Total ForwardTotal DefenseLast Minutes OffensiveLast Minutes Defensive
60:00 60:00 0:000:00
Extra Forwards
Normal PowerPlayPenalty Kill
Joel Kiviranta, Nic Dowd, Phil KesselOndrej Palat, Nic DowdPhil Kessel
Extra Defensemen
Normal PowerPlayPenalty Kill
Ryan Pulock, Jacob Bryson, Adam BoqvistAdam Boqvist, Jacob BrysonGustav Lindstrom
Penalty Shots
Evgeni Malkin, Brock Boeser, Matthew Boldy, Tyler Johnson, Blake Coleman
Goalie
Connor Hellebuyck, Lukas Dostal
Custom OT Lines Forwards
Evgeni Malkin, Brock Boeser, Matthew Boldy, Tyler Johnson, Blake Coleman, Nic Dowd, Ondrej Palat, Phil Kessel, Jake Evans, Derek Stepan
Custom OT Lines Defensemen
Adam Boqvist, Ryan Pulock, Jaycob Megna, Johnathan Kovacevic, Gustav Lindstrom
Scratches
Mackenzie MacEachern (Healthy)


Play-by-Play

1st period


0:01 of 1st period - Brock Boeser wins face-off versus David Pastrnak in neutral zone.
0:10 of 1st period - Wrist shot by Mark Scheifele.
0:10 of 1st period - Stopped by Connor Hellebuyck with a rebound.
0:57 of 1st period - Wrist shot by Connor Brown.
0:57 of 1st period - Stopped by Connor Hellebuyck with a rebound.
1:14 of 1st period - Wrist shot by Michael Carcone.
1:14 of 1st period - Shot Misses the Net.
1:31 of 1st period - Snap shot by Phil Kessel.
1:31 of 1st period - Shot Misses the Net.
1:33 of 1st period - Slapshot by Johnathan Kovacevic.
1:33 of 1st period - Shot Blocked by Jujhar Khaira.
1:35 of 1st period - Wrist shot by Derek Stepan.
1:35 of 1st period - Stopped by Marc-Andre Fleury with a rebound.
2:17 of 1st period - Snap shot by Phil Kessel.
2:17 of 1st period - Shot Misses the Net.
2:19 of 1st period - Wrist shot by Derek Stepan.
2:19 of 1st period - Shot Misses the Net.
2:21 of 1st period - Slapshot by Jaycob Megna.
2:21 of 1st period - Stopped by Marc-Andre Fleury without a rebound.
2:22 of 1st period - John Tavares wins face-off versus Evgeni Malkin in Red Wings zone.
2:22 of 1st period - John Tavares is hit by Brock Boeser.
2:34 of 1st period - Snap shot by Brock Boeser.
2:34 of 1st period - Shot Blocked by Dylan DeMelo.
2:36 of 1st period - Slapshot by Jacob Bryson.
2:36 of 1st period - Stopped by Marc-Andre Fleury without a rebound.
2:37 of 1st period - Nic Dowd wins face-off versus Mark Scheifele in Red Wings zone.
3:36 of 1st period - Snap shot by Matthew Boldy.
3:36 of 1st period - Stopped by Marc-Andre Fleury without a rebound.
3:37 of 1st period - John Tavares wins face-off versus Nic Dowd in Red Wings zone.
4:27 of 1st period - Viktor Arvidsson is hit by Evgeni Malkin and loses puck.
5:12 of 1st period - Nick Leddy is hit by Jujhar Khaira and loses puck.
7:04 of 1st period - Mark Scheifele is hit by Joel Kiviranta.
7:38 of 1st period - Jaycob Megna is hit by John Tavares and loses puck.
7:55 of 1st period - Brett Pesce is hit by Ryan Pulock and loses puck.
8:18 of 1st period - Noel Acciari is hit by Gustav Lindstrom and loses puck.
8:38 of 1st period - Jeff Petry is hit by Tim Gettinger and loses puck.
9:11 of 1st period - Nick Leddy is hit by Radko Gudas and loses puck.
9:26 of 1st period - Snap shot by Tyler Johnson.
9:26 of 1st period - Shot Blocked by Radko Gudas.
9:48 of 1st period - Icing by Joel Kiviranta.
9:49 of 1st period - Michael Carcone wins face-off versus Nic Dowd in Golden Knights zone.
9:50 of 1st period - Wrist shot by Connor Brown.
9:50 of 1st period - Shot Misses the Net.
10:19 of 1st period - Slapshot by David Pastrnak.
10:19 of 1st period - Stopped by Connor Hellebuyck with a rebound.
10:25 of 1st period - Snap shot by Evgeni Malkin.
10:25 of 1st period - Deflect By Matthew Boldy.
10:25 of 1st period - Stopped by Marc-Andre Fleury with a rebound.
10:45 of 1st period - Wrist shot by John Tavares.
10:45 of 1st period - Stopped by Connor Hellebuyck without a rebound.
10:46 of 1st period - Noel Acciari wins face-off versus Evgeni Malkin in Golden Knights zone.
12:16 of 1st period - Snap shot by Kailer Yamamoto.
12:16 of 1st period - Stopped by Connor Hellebuyck with a rebound.
12:24 of 1st period - Snap shot by Jake Evans.
12:24 of 1st period - Shot Blocked by Jeff Petry.
12:38 of 1st period - Wrist shot by Nic Dowd.
12:38 of 1st period - Stopped by Marc-Andre Fleury with a rebound.
12:40 of 1st period - Slapshot by Ondrej Palat.
12:40 of 1st period - Stopped by Marc-Andre Fleury with a rebound.
13:02 of 1st period - Snap shot by David Pastrnak.
13:02 of 1st period - Shot Blocked by Jacob Bryson.
13:06 of 1st period - Snap shot by Mark Scheifele.
13:06 of 1st period - Stopped by Connor Hellebuyck with a rebound.
13:17 of 1st period - Icing by Adam Boqvist.
13:18 of 1st period - Brock Boeser wins face-off versus Michael Carcone in Golden Knights zone.
13:49 of 1st period - Wrist shot by Mark Scheifele.
13:49 of 1st period - Stopped by Connor Hellebuyck with a rebound.
13:51 of 1st period - Snap shot by Viktor Arvidsson.
13:51 of 1st period - Deflect By David Pastrnak.
13:51 of 1st period - Shot Misses the Net.
13:51 of 1st period - Puck is out of play.
13:52 of 1st period - Evgeni Malkin wins face-off versus John Tavares in Golden Knights zone.
14:09 of 1st period - Minor Penalty to Matthew Boldy for Boarding.
14:10 of 1st period - John Tavares wins face-off versus Jake Evans in Golden Knights zone.
15:43 of 1st period - Icing by Justin Holl.
15:44 of 1st period - Mark Scheifele wins face-off versus Phil Kessel in Red Wings zone.
16:09 of 1st period - Penalty to Matthew Boldy is over, Matthew Boldy is back on ice.
16:41 of 1st period - Snap shot by Blake Coleman.
16:41 of 1st period - Stopped by Marc-Andre Fleury with a rebound.
16:55 of 1st period - Jacob Bryson is hit by Brett Pesce and loses puck.
17:10 of 1st period - Viktor Arvidsson is hit by Tim Gettinger and loses puck.
17:29 of 1st period - Snap shot by Evgeni Malkin.
17:29 of 1st period - Stopped by Marc-Andre Fleury with a rebound.
17:37 of 1st period - Evgeni Malkin is hit by Jeff Petry.
18:08 of 1st period - Wrist shot by Phil Kessel.
18:08 of 1st period - Deflect By John Tavares.
18:08 of 1st period - Stopped by Marc-Andre Fleury without a rebound.
18:09 of 1st period - John Tavares wins face-off versus Derek Stepan in Red Wings zone.
18:16 of 1st period - Snap shot by Kyle Okposo.
18:16 of 1st period - Stopped by Connor Hellebuyck with a rebound.
18:24 of 1st period - Snap shot by John Tavares.
18:24 of 1st period - Stopped by Connor Hellebuyck without a rebound.
18:25 of 1st period - Nic Dowd wins face-off versus Mark Scheifele in Golden Knights zone.
18:34 of 1st period - Snap shot by Ondrej Palat.
18:34 of 1st period - Stopped by Marc-Andre Fleury without a rebound.
18:35 of 1st period - Mark Scheifele wins face-off versus Nic Dowd in Red Wings zone.
18:48 of 1st period - Wrist shot by Viktor Arvidsson.
18:48 of 1st period - Deflect By David Pastrnak.
18:48 of 1st period - Stopped by Connor Hellebuyck without a rebound.
18:49 of 1st period - Evgeni Malkin wins face-off versus Viktor Arvidsson in Golden Knights zone.
19:00 of 1st period - Wrist shot by Mark Scheifele.
19:00 of 1st period - Stopped by Connor Hellebuyck without a rebound.
19:01 of 1st period - Mark Scheifele wins face-off versus Nic Dowd in Golden Knights zone.
19:24 of 1st period - Icing by Nic Dowd.
19:25 of 1st period - Blake Coleman wins face-off versus John Tavares in Golden Knights zone.
19:41 of 1st period - Wrist shot by John Tavares.
19:41 of 1st period - Shot Blocked by Jaycob Megna.
Goals for this period are 0 for Red Wings vs 0 for Golden Knights.
Shots for this period are 11 for Red Wings vs 11 for Golden Knights.

2nd period


0:01 of 2nd period - John Tavares wins face-off versus Evgeni Malkin in neutral zone.
0:08 of 2nd period - Snap shot by John Tavares.
0:08 of 2nd period - Deflect By Oliver Bjorkstrand.
0:08 of 2nd period - Shot Blocked by Ryan Pulock.
0:08 of 2nd period - Puck is out of play.
0:09 of 2nd period - Evgeni Malkin wins face-off versus John Tavares in Golden Knights zone.
0:13 of 2nd period - Off-side.
0:14 of 2nd period - Evgeni Malkin wins face-off versus Mark Scheifele in neutral zone.
0:17 of 2nd period - David Pastrnak is hit by Ryan Pulock and loses puck.
0:44 of 2nd period - Nic Dowd is hit by John Tavares and loses puck.
0:51 of 2nd period - Wrist shot by Blake Coleman.
0:51 of 2nd period - Shot Misses the Net.
1:27 of 2nd period - Wrist shot by John Tavares.
1:27 of 2nd period - Shot Misses the Net.
1:29 of 2nd period - Minor Penalty to Joel Kiviranta for Delaying the game.
1:30 of 2nd period - Jake Evans wins face-off versus John Tavares in Golden Knights zone.
3:29 of 2nd period - Penalty to Joel Kiviranta is over, Joel Kiviranta is back on ice.
4:15 of 2nd period - Jeff Petry is hit by Jacob Bryson and loses puck.
4:30 of 2nd period - Slapshot by Tyler Johnson.
4:30 of 2nd period - Stopped by Marc-Andre Fleury with a rebound.
4:52 of 2nd period - Viktor Arvidsson is hit by Tim Gettinger and loses puck.
5:23 of 2nd period - Derek Stepan is hit by Lars Eller and loses puck.
5:36 of 2nd period - Matthew Boldy is hit by Brett Pesce and loses puck.
5:52 of 2nd period - Dylan DeMelo is hit by Nic Dowd.
6:04 of 2nd period - Tim Gettinger is hit by Jujhar Khaira and loses puck.
6:51 of 2nd period - Brock Boeser is hit by John Tavares and loses puck.
7:04 of 2nd period - Viktor Arvidsson is hit by Jake Evans and loses puck.
7:28 of 2nd period - Snap shot by Tyler Johnson.
7:28 of 2nd period - Shot Misses the Net.
7:38 of 2nd period - Jaycob Megna is hit by Connor Brown and loses puck.
8:37 of 2nd period - Ryan Pulock is hit by Justin Holl and loses puck.
8:46 of 2nd period - Juuso Valimaki is hit by Ondrej Palat and loses puck.
8:59 of 2nd period - Joel Kiviranta is hit by Lars Eller and loses puck.
10:00 of 2nd period - Mark Scheifele is hit by Matthew Boldy and loses puck.
10:27 of 2nd period - Slapshot by Matthew Boldy.
10:27 of 2nd period - Stopped by Marc-Andre Fleury with a rebound.
10:29 of 2nd period - Wrist shot by Evgeni Malkin.
10:29 of 2nd period - Stopped by Marc-Andre Fleury with a rebound.
10:31 of 2nd period - Slapshot by Nick Leddy.
10:31 of 2nd period - Deflect By Evgeni Malkin.
10:31 of 2nd period - Stopped by Marc-Andre Fleury with a rebound.
10:33 of 2nd period - Snap shot by Evgeni Malkin.
10:33 of 2nd period - Shot Misses the Net.
10:35 of 2nd period - Slapshot by Ryan Pulock.
10:35 of 2nd period - Shot Blocked by Justin Holl.
10:37 of 2nd period - Slapshot by Ryan Pulock.
10:37 of 2nd period - Stopped by Marc-Andre Fleury without a rebound.
10:38 of 2nd period - Mark Scheifele wins face-off versus Nic Dowd in Red Wings zone.
10:51 of 2nd period - Jaycob Megna is hit by Radko Gudas and loses puck.
11:42 of 2nd period - Snap shot by John Tavares.
11:42 of 2nd period - Stopped by Connor Hellebuyck without a rebound.
11:43 of 2nd period - Nic Dowd wins face-off versus Mark Scheifele in Golden Knights zone.
11:50 of 2nd period - Jeff Petry is hit by Adam Boqvist.
12:10 of 2nd period - Jeff Petry is hit by Tim Gettinger and loses puck.
12:19 of 2nd period - Snap shot by Joel Kiviranta.
12:19 of 2nd period - Stopped by Marc-Andre Fleury without a rebound.
12:20 of 2nd period - Blake Coleman wins face-off versus Mark Scheifele in Red Wings zone.
12:23 of 2nd period - Wrist shot by Blake Coleman.
12:23 of 2nd period - Shot Misses the Net.
12:31 of 2nd period - Snap shot by Brett Pesce.
12:31 of 2nd period - Shot Misses the Net.
12:33 of 2nd period - Slapshot by Justin Holl.
12:33 of 2nd period - Deflect By Ondrej Palat.
12:33 of 2nd period - Stopped by Connor Hellebuyck with a rebound.
12:35 of 2nd period - Snap shot by Mark Scheifele.
12:35 of 2nd period - Stopped by Connor Hellebuyck without a rebound.
12:36 of 2nd period - Noel Acciari wins face-off versus Evgeni Malkin in Golden Knights zone.
12:37 of 2nd period - Backhand shot by Lars Eller.
12:37 of 2nd period - Shot Blocked by Brock Boeser.
12:43 of 2nd period - Wrist shot by Matthew Boldy.
12:43 of 2nd period - Stopped by Marc-Andre Fleury with a rebound.
12:45 of 2nd period - Backhand shot by Evgeni Malkin.
12:45 of 2nd period - Stopped by Marc-Andre Fleury without a rebound.
12:46 of 2nd period - Evgeni Malkin wins face-off versus Kailer Yamamoto in Red Wings zone.
13:19 of 2nd period - Snap shot by Brock Boeser.
13:19 of 2nd period - Stopped by Marc-Andre Fleury with a rebound.
13:21 of 2nd period - Wrist shot by Brock Boeser.
13:21 of 2nd period - Deflect By Radko Gudas.
13:21 of 2nd period - Stopped by Marc-Andre Fleury with a rebound.
13:23 of 2nd period - Slapshot by Matthew Boldy.
13:23 of 2nd period - Stopped by Marc-Andre Fleury with a rebound.
13:25 of 2nd period - Slapshot by Nick Leddy.
13:25 of 2nd period - Stopped by Marc-Andre Fleury without a rebound.
13:26 of 2nd period - Mark Scheifele wins face-off versus Nic Dowd in Red Wings zone.
13:26 of 2nd period - Mark Scheifele is hit by Ondrej Palat.
13:52 of 2nd period - Brett Pesce is hit by Johnathan Kovacevic and loses puck.
14:13 of 2nd period - Snap shot by Tyler Johnson.
14:13 of 2nd period - Stopped by Marc-Andre Fleury without a rebound.
14:14 of 2nd period - Michael Carcone wins face-off versus Jake Evans in Red Wings zone.
14:20 of 2nd period - Radko Gudas beats up Tim Gettinger.
14:20 of 2nd period - Penalty to Tim Gettinger for Fighting.
14:20 of 2nd period - Penalty to Radko Gudas for Fighting.
14:21 of 2nd period - Mark Scheifele wins face-off versus Nic Dowd in Red Wings zone.
14:48 of 2nd period - Matthew Boldy is hit by Justin Holl and loses puck.
14:59 of 2nd period - Slapshot by John Tavares.
14:59 of 2nd period - Stopped by Connor Hellebuyck with a rebound.
15:33 of 2nd period - Slapshot by Nick Leddy.
15:33 of 2nd period - Stopped by Marc-Andre Fleury without a rebound.
15:34 of 2nd period - Mark Scheifele wins face-off versus Jake Evans in Red Wings zone.
15:47 of 2nd period - Wrist shot by David Pastrnak.
15:47 of 2nd period - Stopped by Connor Hellebuyck without a rebound.
15:48 of 2nd period - Blake Coleman wins face-off versus Viktor Arvidsson in Golden Knights zone.
15:53 of 2nd period - Mark Scheifele is hit by Ondrej Palat and loses puck.
16:11 of 2nd period - Icing by Nic Dowd.
16:12 of 2nd period - John Tavares wins face-off versus Evgeni Malkin in Golden Knights zone.
16:19 of 2nd period - Slapshot by Kyle Okposo.
16:19 of 2nd period - Stopped by Connor Hellebuyck without a rebound.
16:20 of 2nd period - Mark Scheifele wins face-off versus Nic Dowd in Golden Knights zone.
16:27 of 2nd period - Snap shot by Mark Scheifele.
16:27 of 2nd period - Shot Misses the Net.
17:04 of 2nd period - Wrist shot by John Tavares.
17:04 of 2nd period - Shot Misses the Net.
18:40 of 2nd period - Phil Kessel is hit by Juuso Valimaki.
18:44 of 2nd period - Wrist shot by Viktor Arvidsson.
18:44 of 2nd period - Shot Misses the Net.
19:38 of 2nd period - Jake Evans is hit by Lars Eller and loses puck.
19:55 of 2nd period - Snap shot by Jujhar Khaira.
19:55 of 2nd period - Shot Misses the Net.
Goals for this period are 0 for Red Wings vs 0 for Golden Knights.
Shots for this period are 6 for Red Wings vs 14 for Golden Knights.

3rd period


0:01 of 3rd period - Nic Dowd wins face-off versus Mark Scheifele in neutral zone.
0:06 of 3rd period - Slapshot by Ondrej Palat.
0:06 of 3rd period - Shot Blocked by Mark Scheifele.
0:08 of 3rd period - Wrist shot by Nic Dowd.
0:08 of 3rd period - Stopped by Marc-Andre Fleury with a rebound.
0:13 of 3rd period - Icing by Juuso Valimaki.
0:14 of 3rd period - Evgeni Malkin wins face-off versus Mark Scheifele in Red Wings zone.
0:17 of 3rd period - Slapshot by Brock Boeser.
0:17 of 3rd period - Shot Misses the Net.
0:19 of 3rd period - Snap shot by Evgeni Malkin.
0:19 of 3rd period - Stopped by Marc-Andre Fleury with a rebound.
0:21 of 3rd period - Snap shot by Evgeni Malkin.
0:21 of 3rd period - Shot Misses the Net.
0:23 of 3rd period - Slapshot by Nick Leddy.
0:23 of 3rd period - Shot Misses the Net.
0:25 of 3rd period - Wrist shot by Evgeni Malkin.
0:25 of 3rd period - Goal by Evgeni Malkin - Red Wings : 0 - Golden Knights : 1.
0:26 of 3rd period - John Tavares wins face-off versus Nic Dowd in neutral zone.
1:41 of 3rd period - Dylan DeMelo is hit by Joel Kiviranta and loses puck.
2:17 of 3rd period - Icing by Mark Scheifele.
2:18 of 3rd period - Mark Scheifele wins face-off versus Evgeni Malkin in Red Wings zone.
2:36 of 3rd period - Snap shot by David Pastrnak.
2:36 of 3rd period - Shot Blocked by Nick Leddy.
2:49 of 3rd period - Wrist shot by David Pastrnak.
2:49 of 3rd period - Shot Misses the Net.
2:51 of 3rd period - Backhand shot by David Pastrnak.
2:51 of 3rd period - Goal by David Pastrnak - Red Wings : 1 - Golden Knights : 1.
2:52 of 3rd period - John Tavares wins face-off versus Nic Dowd in neutral zone.
2:56 of 3rd period - Off-side.
2:57 of 3rd period - John Tavares wins face-off versus Nic Dowd in neutral zone.
3:00 of 3rd period - Slapshot by Brett Pesce.
3:00 of 3rd period - Stopped by Connor Hellebuyck without a rebound.
3:01 of 3rd period - John Tavares wins face-off versus Ondrej Palat in Golden Knights zone.
3:02 of 3rd period - Slapshot by Kyle Okposo.
3:02 of 3rd period - Stopped by Connor Hellebuyck without a rebound.
3:03 of 3rd period - Nic Dowd wins face-off versus John Tavares in Golden Knights zone.
3:10 of 3rd period - Snap shot by Jaycob Megna.
3:10 of 3rd period - Stopped by Marc-Andre Fleury without a rebound.
3:11 of 3rd period - Nic Dowd wins face-off versus Kyle Okposo in Red Wings zone.
3:16 of 3rd period - Wrist shot by Blake Coleman.
3:16 of 3rd period - Stopped by Marc-Andre Fleury with a rebound.
3:18 of 3rd period - Slapshot by Jaycob Megna.
3:18 of 3rd period - Shot Blocked by Juuso Valimaki.
3:20 of 3rd period - Snap shot by Ondrej Palat.
3:20 of 3rd period - Shot Misses the Net.
3:22 of 3rd period - Slapshot by Jaycob Megna.
3:22 of 3rd period - Stopped by Marc-Andre Fleury with a rebound.
3:24 of 3rd period - Wrist shot by Nic Dowd.
3:24 of 3rd period - Shot Misses the Net.
3:26 of 3rd period - Slapshot by Ondrej Palat.
3:26 of 3rd period - Shot Misses the Net.
3:59 of 3rd period - Wrist shot by Lars Eller.
3:59 of 3rd period - Shot Misses the Net.
4:01 of 3rd period - Slapshot by Jeff Petry.
4:01 of 3rd period - Deflect By Kailer Yamamoto.
4:01 of 3rd period - Shot Misses the Net.
4:01 of 3rd period - Puck is out of play.
4:02 of 3rd period - Nic Dowd wins face-off versus Noel Acciari in Golden Knights zone.
4:40 of 3rd period - Slapshot by Matthew Boldy.
4:40 of 3rd period - Stopped by Marc-Andre Fleury without a rebound.
4:41 of 3rd period - Mark Scheifele wins face-off versus Nic Dowd in Red Wings zone.
4:50 of 3rd period - Snap shot by David Pastrnak.
4:50 of 3rd period - Stopped by Connor Hellebuyck without a rebound.
4:51 of 3rd period - Ondrej Palat wins face-off versus Mark Scheifele in Golden Knights zone.
4:56 of 3rd period - Snap shot by Johnathan Kovacevic.
4:56 of 3rd period - Shot Blocked by Radko Gudas.
5:10 of 3rd period - Snap shot by David Pastrnak.
5:10 of 3rd period - Deflect By Ondrej Palat.
5:10 of 3rd period - Stopped by Connor Hellebuyck without a rebound.
5:11 of 3rd period - John Tavares wins face-off versus Evgeni Malkin in Golden Knights zone.
5:59 of 3rd period - Noel Acciari is hit by Jaycob Megna and loses puck.
6:46 of 3rd period - Snap shot by John Tavares.
6:46 of 3rd period - Shot Blocked by Ryan Pulock.
7:16 of 3rd period - Wrist shot by David Pastrnak.
7:16 of 3rd period - Shot Misses the Net.
7:18 of 3rd period - Snap shot by David Pastrnak.
7:18 of 3rd period - Shot Misses the Net.
7:58 of 3rd period - Derek Stepan is hit by Jujhar Khaira.
8:02 of 3rd period - Michael Carcone is hit by Derek Stepan.
8:42 of 3rd period - David Pastrnak is hit by Joel Kiviranta and loses puck.
9:00 of 3rd period - Icing by Adam Boqvist.
9:01 of 3rd period - Evgeni Malkin wins face-off versus Oliver Bjorkstrand in Golden Knights zone.
9:06 of 3rd period - Slapshot by Adam Boqvist.
9:06 of 3rd period - Stopped by Marc-Andre Fleury without a rebound.
9:07 of 3rd period - John Tavares wins face-off versus Matthew Boldy in Red Wings zone.
9:21 of 3rd period - Off-side.
9:22 of 3rd period - Nic Dowd wins face-off versus Mark Scheifele in neutral zone.
9:29 of 3rd period - Snap shot by Ondrej Palat.
9:29 of 3rd period - Stopped by Marc-Andre Fleury without a rebound.
9:30 of 3rd period - Mark Scheifele wins face-off versus Nic Dowd in Red Wings zone.
9:39 of 3rd period - Johnathan Kovacevic is hit by Radko Gudas and loses puck.
9:52 of 3rd period - Snap shot by Mark Scheifele.
9:52 of 3rd period - Stopped by Connor Hellebuyck without a rebound.
9:53 of 3rd period - John Tavares wins face-off versus Brock Boeser in Golden Knights zone.
10:20 of 3rd period - Derek Stepan is hit by Noel Acciari and loses puck.
10:41 of 3rd period - Wrist shot by Phil Kessel.
10:41 of 3rd period - Stopped by Marc-Andre Fleury without a rebound.
10:42 of 3rd period - Nic Dowd wins face-off versus David Pastrnak in Red Wings zone.
12:02 of 3rd period - Wrist shot by Mark Scheifele.
12:02 of 3rd period - Shot Misses the Net.
12:21 of 3rd period - Minor Penalty to Jujhar Khaira for Slashing.
12:22 of 3rd period - Evgeni Malkin wins face-off versus Noel Acciari in Red Wings zone.
12:25 of 3rd period - Snap shot by Brock Boeser.
12:25 of 3rd period - Shot Blocked by Dylan DeMelo.
12:27 of 3rd period - Snap shot by Matthew Boldy.
12:27 of 3rd period - Deflect By Evgeni Malkin.
12:27 of 3rd period - Shot Misses the Net.
12:27 of 3rd period - Puck is out of play.
12:28 of 3rd period - Evgeni Malkin wins face-off versus Noel Acciari in Red Wings zone.
12:29 of 3rd period - Snap shot by Matthew Boldy.
12:29 of 3rd period - Shot Misses the Net.
12:31 of 3rd period - Slapshot by Ryan Pulock.
12:31 of 3rd period - Stopped by Marc-Andre Fleury without a rebound.
12:32 of 3rd period - Evgeni Malkin wins face-off versus Noel Acciari in Red Wings zone.
12:47 of 3rd period - Slapshot by Matthew Boldy.
12:47 of 3rd period - Stopped by Marc-Andre Fleury without a rebound.
12:48 of 3rd period - Nic Dowd wins face-off versus Kailer Yamamoto in Red Wings zone.
14:21 of 3rd period - Penalty to Jujhar Khaira is over, Jujhar Khaira is back on ice.
14:56 of 3rd period - Ryan Pulock is hit by David Pastrnak.
16:15 of 3rd period - Slapshot by Jake Evans.
16:15 of 3rd period - Shot Misses the Net.
16:46 of 3rd period - Adam Boqvist is hit by Mark Scheifele and loses puck.
17:14 of 3rd period - Dylan DeMelo is hit by Evgeni Malkin and loses puck.
17:25 of 3rd period - Tim Gettinger is hit by Radko Gudas and loses puck.
17:51 of 3rd period - Nic Dowd is hit by Jujhar Khaira and loses puck.
18:25 of 3rd period - Slapshot by Adam Boqvist.
18:25 of 3rd period - Shot Blocked by Noel Acciari.
Goals for this period are 1 for Red Wings vs 1 for Golden Knights.
Shots for this period are 6 for Red Wings vs 12 for Golden Knights.

Overtime #1


0:01 of 1st overtime period - Evgeni Malkin wins face-off versus Viktor Arvidsson in neutral zone.
0:12 of 1st overtime period - Backhand shot by Matthew Boldy.
0:12 of 1st overtime period - Shot Misses the Net.
0:14 of 1st overtime period - Snap shot by Evgeni Malkin.
0:14 of 1st overtime period - Shot Misses the Net.
0:16 of 1st overtime period - Snap shot by Evgeni Malkin.
0:16 of 1st overtime period - Deflect By Matthew Boldy.
0:16 of 1st overtime period - Stopped by Marc-Andre Fleury without a rebound.
0:17 of 1st overtime period - Evgeni Malkin wins face-off versus Viktor Arvidsson in Red Wings zone.
0:24 of 1st overtime period - Snap shot by Brock Boeser.
0:24 of 1st overtime period - Shot Misses the Net.
0:26 of 1st overtime period - Slapshot by Adam Boqvist.
0:26 of 1st overtime period - Stopped by Marc-Andre Fleury with a rebound.
0:28 of 1st overtime period - Slapshot by Adam Boqvist.
0:28 of 1st overtime period - Deflect By Evgeni Malkin.
0:28 of 1st overtime period - Shot Misses the Net.
0:28 of 1st overtime period - Puck is out of play.
0:29 of 1st overtime period - Evgeni Malkin wins face-off versus Viktor Arvidsson in Red Wings zone.
0:54 of 1st overtime period - Tyler Johnson is hit by John Tavares and loses puck.
1:06 of 1st overtime period - Off-side.
1:07 of 1st overtime period - Viktor Arvidsson wins face-off versus Evgeni Malkin in neutral zone.
1:41 of 1st overtime period - Wrist shot by Matthew Boldy.
1:41 of 1st overtime period - Shot Misses the Net.
1:43 of 1st overtime period - Slapshot by Matthew Boldy.
1:43 of 1st overtime period - Stopped by Marc-Andre Fleury without a rebound.
1:44 of 1st overtime period - Matthew Boldy wins face-off versus Viktor Arvidsson in Red Wings zone.
2:05 of 1st overtime period - Snap shot by Tyler Johnson.
2:05 of 1st overtime period - Shot Misses the Net.
2:07 of 1st overtime period - Wrist shot by Matthew Boldy.
2:07 of 1st overtime period - Shot Misses the Net.
2:17 of 1st overtime period - Snap shot by David Pastrnak.
2:17 of 1st overtime period - Stopped by Connor Hellebuyck without a rebound.
2:18 of 1st overtime period - John Tavares wins face-off versus Evgeni Malkin in Golden Knights zone.
2:21 of 1st overtime period - Snap shot by John Tavares.
2:21 of 1st overtime period - Shot Misses the Net.
2:33 of 1st overtime period - Slapshot by Evgeni Malkin.
2:33 of 1st overtime period - Deflect By Brock Boeser.
2:33 of 1st overtime period - Stopped by Marc-Andre Fleury without a rebound.
2:34 of 1st overtime period - Evgeni Malkin wins face-off versus Viktor Arvidsson in Red Wings zone.
Goals for this period are 0 for Red Wings vs 0 for Golden Knights.
Shots for this period are 1 for Red Wings vs 4 for Golden Knights.

ShootOut


5:00 of 1st overtime period - Round #1.
5:00 of 1st overtime period - Red Wings, Oliver Bjorkstrand.
5:00 of 1st overtime period - Snap shot by Oliver Bjorkstrand.
5:00 of 1st overtime period - Stopped by Connor Hellebuyck.
5:00 of 1st overtime period - Golden Knights, Evgeni Malkin.
5:00 of 1st overtime period - Wrist shot by Evgeni Malkin.
5:00 of 1st overtime period - Goal by Evgeni Malkin.
5:00 of 1st overtime period - Round #2.
5:00 of 1st overtime period - Red Wings, David Pastrnak.
5:00 of 1st overtime period - Deke by David Pastrnak.
5:00 of 1st overtime period - Shot Misses the Net.
5:00 of 1st overtime period - Golden Knights, Brock Boeser.
5:00 of 1st overtime period - Deke by Brock Boeser.
5:00 of 1st overtime period - Stopped by Marc-Andre Fleury.
5:00 of 1st overtime period - Round #3.
5:00 of 1st overtime period - Red Wings, Kyle Okposo.
5:00 of 1st overtime period - Snap shot by Kyle Okposo.
5:00 of 1st overtime period - Goal by Kyle Okposo.
5:00 of 1st overtime period - Golden Knights, Matthew Boldy.
5:00 of 1st overtime period - Wrist shot by Matthew Boldy.
5:00 of 1st overtime period - Stopped by Marc-Andre Fleury.
5:00 of 1st overtime period - Round #4.
5:00 of 1st overtime period - Red Wings, Lars Eller.
5:00 of 1st overtime period - Wrist shot by Lars Eller.
5:00 of 1st overtime period - Stopped by Connor Hellebuyck.
5:00 of 1st overtime period - Golden Knights, Tyler Johnson.
5:00 of 1st overtime period - Deke by Tyler Johnson.
5:00 of 1st overtime period - Stopped by Marc-Andre Fleury.
5:00 of 1st overtime period - Round #5.
5:00 of 1st overtime period - Red Wings, Kailer Yamamoto.
5:00 of 1st overtime period - Snap shot by Kailer Yamamoto.
5:00 of 1st overtime period - Stopped by Connor Hellebuyck.
5:00 of 1st overtime period - Golden Knights, Blake Coleman.
5:00 of 1st overtime period - Wrist shot by Blake Coleman.
5:00 of 1st overtime period - Stopped by Marc-Andre Fleury.
5:00 of 1st overtime period - Round #6.
5:00 of 1st overtime period - Red Wings, Brett Pesce.
5:00 of 1st overtime period - Deke by Brett Pesce.
5:00 of 1st overtime period - Goal by Brett Pesce.
5:00 of 1st overtime period - Golden Knights, Nick Leddy.
5:00 of 1st overtime period - Snap shot by Nick Leddy.
5:00 of 1st overtime period - Stopped by Marc-Andre Fleury.




Output by the SimonT Hockey Simulator (STHS) for Eric Tremblay - Original Page W3C HTML5 Valid
Hockey Simulator - Hockey Simulation - Hockey Manager